Cogmind - Beta 16.1 @@@ ROGUE MODE // 2026.02.11 @ 00:50:57 Player: TheSkyeDoctor Result: Destroyed by G-34 Mercenary with Small Laser Performance ------------- Evolutions (1) 500 Regions Visited (3) 600 Robots Destroyed (30) 150 Value Destroyed (788) 788 Prototype IDs (0) 0 Alien Tech Used (0) 0 Bonus (0) 0 TOTAL SCORE: 2038 Bonus ------- None Cogmind --------- Core Integrity 0/400 Matter 295/300 Energy 137/265 System Corruption 0% Temperature Danger (477) Movement Core (1500) Ox29 Location -9/Storage Parts ------- > --- POWER (1) -------- Improved Ion Engine > --- PROPULSION (2) --- (None) > --- UTILITY (4) ------ Huge Storage Unit Targeting Computer > --- WEAPON (2) ------- Small Laser > --- INVENTORY (25) --- Light Nuclear Core Improved Heat Sink Large Matter Pod (92) Improved Terrain Scanner Targeting Computer Targeting Computer Targeting Computer Targeting Computer Light Armor Plating Peak State ------------ > --- POWER ------------ Ion Engine > --- PROPULSION ------- Wheel Wheel > --- UTILITY ---------- Huge Storage Unit Improved Terrain Scanner Seismic Detector Targeting Computer > --- WEAPON ----------- EM Pulse Gun Grenade Launcher > --- INVENTORY -------- Ion Engine Improved Ion Engine Wheel Large Matter Pod Small Laser Light Cannon [Rating: 11] Favorites ----------- Power Ion Engine Engine Ion Engine Propulsion Wheel Wheel Wheel Utility Seismic Detector Device Seismic Detector Storage Huge Storage Unit Processor Targeting Computer Protection Medium Armor Plating Weapon Small Laser Energy Gun Small Laser Ballistic Cannon Light Cannon Launcher Grenade Launcher Build | -11 -10 -9 -9 ------- Run | Yrd Mat Mat Sto Slots Evolved 2 | . . 2 . Power . | . . . . Propulsion . | . . . . Utility 2 | . . 2 . Weapon . | . . . . Parts Attached 20 | 7 3 2 8 Power 4 | 1 . . 3 Engine 4 | 1 . . 3 Core . | . . . . Reactor . | . . . . Propulsion 4 | 2 1 . 1 Treads . | . . . . Leg . | . . . . Wheel 4 | 2 1 . 1 Hover . | . . . . Flight . | . . . . Utility 7 | 2 1 2 2 Device 2 | 1 . 1 . Storage 3 | 1 1 1 . Processor 1 | . . . 1 Hackware . | . . . . Protection 1 | . . . 1 Artifact . | . . . . Weapon 5 | 2 1 . 2 Energy Gun 3 | 2 . . 1 Energy Cannon . | . . . . Ballistic Gun . | . . . . Ballistic Cannon 1 | . . . 1 Launcher 1 | . 1 . . Special Weapon . | . . . . Impact Weapon . | . . . . Slashing Weapon . | . . . . Piercing Weapon . | . . . . Special Melee Weapon . | . . . . Unidentified Prototypes . | . . . . Parts Lost 13 | . 1 . 12 Power 3 | . . . 3 Propulsion 4 | . 1 . 3 Utility 2 | . . . 2 Weapon 4 | . . . 4 Highest Loss Streak 5 | . 1 . 5 To Critical Strikes . | . . . . Average Backups 5 | 2 4 5 5 Power 1 | . 1 1 2 Propulsion . | 1 1 1 . Utility 2 | . 1 . 2 Weapon . | . 1 2 . Tool/Special . | . . . . Unused Backups 6 | . . . 6 Power . | . . . . Propulsion . | . . . . Utility 6 | . . . 6 Weapon . | . . . . Tool/Special . | . . . . Average Slot Usage (%) 90 | . 100 88 89 Engine 11 | . 14 11 10 Wheel 19 | . 28 22 17 Device 18 | . 14 22 17 Storage 11 | . 14 11 11 Processor 6 | . . . 8 Protection 2 | . . . 3 Energy Gun 13 | . 19 11 12 Ballistic Cannon 2 | . . . 3 Launcher 5 | . 8 11 3 Peak Build Rating 11 | 7 7 10 11 Average Rating 9 | 4 6 10 10 On Entrance 6 | . 7 7 10 Avg Prop Armor Cover (%) . | . . . . Naked Turns . | . . . . Heaviest Build 97 | 14 31 92 97 Greatest Support 20 | 20 20 20 20 Greatest Overweight (x) 9 | . 1 4 9 Average Overweight (x) 3 | . . 2 5 Largest Inventory Capacity 25 | 8 15 25 25 Average Capacity 22 | 6 8 22 25 Most Carried 10 | 5 6 7 10 Average Carried 5 | 2 4 5 5 Final Capacity 25 | 8 15 25 25 Final Carried 9 | 4 5 7 9 Class Distribution -------------------- 100% | Mutant Dominant Class ---------------- Mutant | -10/Materials Mutant | -9/Materials Mutant | -9/Storage Resources | -11 -10 -9 -9 ----------- Run | Yrd Mat Mat Sto Matter Collected 662 | 136 . 16 510 Remotely . | . . . . Salvage Created 789 | 81 57 57 594 Parts 60 | 7 4 9 40 Haulers Intercepted . | . . . . Recyclers Shooed 2 | 1 . . 1 Parts Field Recycled . | . . . . Retrieved Matter . | . . . . Parts Self-Destructed . | . . . . Prevented . | . . . . Parts Restored . | . . . . Kills | -11 -10 -9 -9 ------- Run | Yrd Mat Mat Sto Combat Hostiles Destroyed 22 | . 3 2 17 Guns 9 | . 1 . 8 Cannons 6 | . . . 6 AOE 7 | . 2 2 3 Classes Destroyed 9 | 2 3 3 1 Worker 2 | . 1 . 1 Builder 1 | . . 1 . Tunneler 1 | 1 . . . Recycler 1 | 1 . . . Operator 2 | . . 1 1 Watcher 1 | . 1 . . Swarmer 7 | . 3 . 4 Grunt 8 | . . 2 6 Sentry 7 | . . . 7 Best Kill Streak 5 | 2 5 3 5 Combat Bots Only 4 | . 3 2 4 Max Kills in Single Turn 2 | 1 2 2 1 Gunslinging . | . . . . Exploded 1 | . 1 1 1 Melee . | . . . . Uniques/NPCs Destroyed . | . . . . Combat | -11 -10 -9 -9 -------- Run | Yrd Mat Mat Sto Hostile Shots Fired 136 | . 7 4 125 Missed 41 | . 2 2 37 Hits 95 | . 5 2 88 Projectile 95 | . 5 2 88 Critical Strikes 1 | . . . 1 Damage Taken 1488 | . 310 40 1138 Core 547 | . 141 . 406 Absorbed by Shields . | . . . . Core Remaining (%) 71 | 100 43 . . Volleys Fired 72 | 4 5 4 59 Largest 2 | 2 2 2 2 Hottest 96 | 80 70 70 96 Shots Fired 122 | 8 9 8 97 Gun 90 | 8 5 4 73 Cannon 15 | . . . 15 Launcher 17 | . 4 4 9 Special . | . . . . Kinetic 15 | . . . 15 Thermal 65 | 4 . . 61 Explosive 17 | . 4 4 9 Electromagnetic 25 | 4 5 4 12 Robot Hit Streak 15 | 2 3 5 15 Robot Miss Streak 2 | 1 1 2 2 Penetration Max . | . . . . Secondary Targets 1 | . . . 1 Max Gunslinging Chain 1 | . . . 1 Shots Hit Robots 88 | 4 5 4 75 Core Hits 49 | 3 6 7 33 Critical Kills . | . . . . Critical Parts Destroyed . | . . . . Critical Strikes 6 | . 1 . 5 Burn 3 | . . . 3 Blast 2 | . . . 2 Corrupt 1 | . 1 . . Melee Attacks . | . . . . Impact . | . . . . Slashing . | . . . . Piercing . | . . . . Sneak Attacks . | . . . . Combat Hostiles . | . . . . Follow-up Attacks . | . . . . Damage Inflicted 1593 | 50 213 177 1153 Guns 809 | 50 65 39 655 Cannons 237 | . . . 237 Explosions 547 | . 148 138 261 Melee . | . . . . Ramming . | . . . . Kinetic 237 | . . . 237 Thermal 732 | 22 27 72 611 Explosive 413 | . 121 66 226 Electromagnetic 211 | 28 65 39 79 Impact . | . . . . Slashing . | . . . . Piercing . | . . . . Highest Corruption 5 | . 5 . . Average Corruption 2 | . 2 . . Corruption Purged . | . . . . Corruption Blocked . | . . . . Overload Shots . | . . . . Overflow Damage 15 | . 8 . 7 Projectiles . | . . . . Explosions 15 | . 8 . 7 Melee . | . . . . Knockbacks . | . . . . Impact . | . . . . Kinetic . | . . . . Secondary . | . . . . Self-Inflicted Damage 34 | . . 20 14 Shots 2 | . . 1 1 Rammed . | . . . . Targets Rammed . | . . . . Kicked . | . . . . Crushed . | . . . . Highest Temperature 459 | 54 18 6 459 Average Temperature 77 | 25 10 6 95 Received Heat Transfer 480 | . . 12 468 Effects 1 | . . . 1 Damage (minor) 1 | . . . 1 Siege Activations . | . . . . Martial Activations . | . . . . Shielding Activations . | . . . . Robots Disrupted . | . . . . Combat Hostiles . | . . . . Robots Corrupted . | . . . . Combat Hostiles . | . . . . Parts Fried 1 | . 1 . . Impact Corruptions . | . . . . Robots Melted . | . . . . Combat Hostiles . | . . . . Parts Melted 3 | . . . 3 Heat Transferred 1878 | 50 50 150 1628 Parts Sabotaged . | . . . . Parts Stolen . | . . . . Parts Stripped . | . . . . Power Chain Reactions 3 | . 1 1 1 Alert | -11 -10 -9 -9 ------- Run | Yrd Mat Mat Sto Maximum Alert Level . | . . . . Low Security (%) 100 | 100 100 100 100 Level 1 . | . . . . Level 2 . | . . . . Level 3 . | . . . . Level 4 . | . . . . Level 5 . | . . . . High Security . | . . . . Max Security . | . . . . Peak Influence 164 | 10 116 83 164 Initial 35 | . . 35 22 Average 42 | 1 47 30 47 Influence Increases 797 | 10 126 101 560 Destroy 0b10 Robot/C 440 | . 60 40 340 Destroy 0b10 Robot/NC 40 | 10 10 10 10 Destroy Leader 152 | . 12 10 130 Successful Hack 16 | . . 5 11 Disable Machine 75 | . 30 15 30 Destroy Structure 74 | . 14 21 39 Influence Decreases 748 | 10 40 134 564 Entered New Map 82 | . . 51 31 Time Decay 407 | 10 30 78 289 Lost Part 110 | . 10 . 100 Purge Threat 149 | . . 5 144 Squads Dispatched 8 | . . 1 7 Investigation 3 | . . 1 2 Extermination . | . . . . Reinforcement 4 | . . . 4 Assault . | . . . . Garrison 1 | . . . 1 Intercept . | . . . . Searches Triggered . | . . . . Construction Impeded . | . . . . Haulers Reinforced . | . . . . Active Scanning Responses . | . . . . Cargo Convoy Interrupts . | . . . . Stealth | -11 -10 -9 -9 --------- Run | Yrd Mat Mat Sto Distress Signals 3 | . . . 3 Communications Jammed . | . . . . Distress Signals . | . . . . Times Spotted 32 | . 4 3 25 Peak Tracking Total 6 | . 3 2 6 Tactical Retreats . | . . . . Traps | -11 -10 -9 -9 ------- Run | Yrd Mat Mat Sto Traps Triggered 4 | . 2 . 2 Indirectly . | . . . . Trap Hack Attempts . | . . . . Triggered . | . . . . Disarmed . | . . . . Reprogrammed . | . . . . Reused . | . . . . Traps Extracted . | . . . . Installed . | . . . . Triggered . | . . . . Machines | -11 -10 -9 -9 ---------- Run | Yrd Mat Mat Sto Machines Disabled 5 | . 2 1 2 Max in Single Turn 1 | . 1 1 1 Machines Repaired . | . . . . Machines Dismantled . | . . . . Machines Sabotaged . | . . . . Overloaded Fab Kills . | . . . . Hacking | -11 -10 -9 -9 --------- Run | Yrd Mat Mat Sto Machines Accessed 6 | . . 2 4 Terminals 5 | . . 2 3 Fabricators . | . . . . Repair Stations . | . . . . Recycling Units . | . . . . Scanalyzers . | . . . . Garrison Access 1 | . . . 1 Total Hacks 15 | . . 6 9 Successful 5 | . . 2 3 Failed 10 | . . 4 6 Catastrophic 6 | . . 3 3 Database Lockouts . | . . . . Manual 7 | . . 4 3 Terminals 12 | . . 6 6 Fabricators . | . . . . Repair Stations . | . . . . Recycling Units . | . . . . Scanalyzers . | . . . . Garrison Access 3 | . . . 3 Terminal Hacks 5 | . . 2 3 Open Door 1 | . . . 1 Unreport Threat 3 | . . 1 2 Zone Layout 1 | . . 1 . Fabricator Hacks . | . . . . Repair Station Hacks . | . . . . Recycling Unit Hacks . | . . . . Scanalyzer . | . . . . Garrison Access Hacks . | . . . . Unauthorized Hacks . | . . . . Terminals . | . . . . Fabricators . | . . . . Repair Stations . | . . . . Recycling Units . | . . . . Scanalyzers . | . . . . Garrison Access . | . . . . Data Cores Recovered . | . . . . Used . | . . . . Hacking Detections 6 | . . 2 4 Full Trace Events 2 | . . 1 1 Feedback Events . | . . . . Feedback Blocked . | . . . . Robot Schematics Acquired . | . . . . Robots Built . | . . . . Authchips . | . . . . Time . | . . . . Total Robot Build Rating . | . . . . Part Schematics Acquired . | . . . . Parts Built . | . . . . Authchips . | . . . . Time . | . . . . Total Part Build Rating . | . . . . Part Studies Acquired . | . . . . Parts Repaired . | . . . . Time . | . . . . Parts Recycled . | . . . . Recycled Matter . | . . . . Retrieved Matter . | . . . . Retrieved Components . | . . . . Parts Scanalyzed . | . . . . Part Schematics Acquired . | . . . . Parts Damaged . | . . . . Bothacking | -11 -10 -9 -9 ------------ Run | Yrd Mat Mat Sto Used RIF Installer . | . . . . Robots Hacked . | . . . . Non-combat . | . . . . Combat . | . . . . Robot Hacks Applied . | . . . . Relay Couplers Released . | . . . . Fabnet Peak Effective % . | . . . . Robots Rewired . | . . . . Allies Hacked . | . . . . Hacks Repelled . | . . . . Allies | -11 -10 -9 -9 -------- Run | Yrd Mat Mat Sto Total Allies . | . . . . Largest Group . | . . . . Highest-Rated Group . | . . . . Highest-Rated Ally . | . . . . Total Orders . | . . . . Ally Attacks . | . . . . Total Damage . | . . . . Kills . | . . . . Allies Corrupted . | . . . . Allies Melted . | . . . . Intel | -11 -10 -9 -9 ------- Run | Yrd Mat Mat Sto Active Infowar (turns) 989 | 10 100 184 695 Terrain 626 | . . 184 442 Seismic 989 | 10 100 184 695 Robot Analysis Total . | . . . . Derelict Logs Recovered . | . . . . Drone Launches . | . . . . Drone Recoveries . | . . . . Exploration | -11 -10 -9 -9 ------------- Run | Yrd Mat Mat Sto Turns Passed 1053 | 59 100 184 710 Spaces Moved 570 | 47 95 130 298 Core 24 | 24 . . . Treads . | . . . . Legs . | . . . . Wheels 546 | 23 95 130 298 Hover . | . . . . Flight . | . . . . Fastest Speed 50 | 50 80 95 140 Average Speed 133 | 64 82 124 163 Slowest Speed 215 | 80 95 140 215 Overloaded Moves . | . . . . Propulsion Burnouts . | . . . . Robots Hopped . | . . . . Potential Cave-ins . | . . . . Cave-ins Triggered 1 | . 1 . . Exploration Rate (%) 23 | 3 25 14 53 Regions Visited 3 Branch Regions 1 Pre-discovered Areas . | . . . . Known Exits Taken . | . . . . Unknown Exits Taken 3 | 1 1 1 . Scrap Searched . | . . . . Spaces Dug . | . . . . Terrain Destroyed 117 | . 14 31 72 Melee . | . . . . Projectile . | . . . . AOE 117 | . 14 31 72 Terrain Rammed . | . . . . Walls Destroyed . | . . . . Machines Disabled . | . . . . Actions | -11 -10 -9 -9 --------- Run | Yrd Mat Mat Sto Total 739 | 66 107 144 422 Wait 51 | . 1 4 46 Move 567 | 46 94 129 298 Hop . | . . . . Pick Up 26 | 9 3 4 10 Fast Attach 2 | 2 . . . Attach 15 | 5 1 1 8 Detach . | . . . . Swap 4 | . 2 1 1 Drop 2 | . 1 1 . Fire 72 | 4 5 4 59 Melee . | . . . . Ram . | . . . . Kick . | . . . . Crush . | . . . . Escape Stasis . | . . . . Rewire . | . . . . Trap . | . . . . Miscellaneous . | . . . . Route ------- -11/Scrapyard -10/Materials -9/Materials -9/Storage History --------- Turn | Location | Event 11 | -11/Scrapyard | Discovered new exit (range 16) 60 | -11/Scrapyard | Entered Materials 122 | -10/Materials | Crushed by falling debris 122 | -10/Materials | Core integrity fell below 50% 126 | -10/Materials | Discovered new exit (range 16) 160 | -10/Materials | Entered another Materials area 160 | -9/Materials | Evolved 2 slots: Utility x2 161 | -9/Materials | Discovered new exit (range 7) 303 | -9/Materials | Build established: Mutant 344 | -9/Materials | Entered Storage 1043 | -9/Storage | Core integrity fell below 50% 1045 | -9/Storage | Garrison activated, responded to threat 1051 | -9/Storage | Core integrity fell below 20% 1054 | -9/Storage | Destroyed by G-34 Mercenary with Small Laser Last Messages --------------- K-01 Serf collects debris. U-05 Engineer lays Concrete. K-01 Serf destroyed. Acquired 17 matter. Acquired Lgt. Nuclear Core. G-34 Mercenary destroyed. Med. Armor Plating destroyed. Seismic Detector destroyed. Wheel destroyed. ALERT: Hostiles spotted, dispatching reinforcements to Terminal S017. Ion Engine destroyed. Y-45 Defender calls for garrison reinforcements. ALERT: Activating Garrison Access S001. Y-45 Defender suffers critical hit (Burn). Melted Lgt. Treads. Melted Beam Rifle. Overheating: Beam Rifle damaged (-9). Beam Rifle destroyed. Y-45 Defender heat damages core (-5). Map ----- +----------------------------------------------------+ | ?????????#??#????# ################?##?????????? | | ?????????????????# ## ????????????? | | ?????????????????# ! ?????????????? | | ?????????????????# #?????? ?????????????? | | ??????#??????????# #????????????????????? | | ???????#???????#?###### #????????????????????? | | ????????????????#?????## ##????????????????????? | | ???????????????????????# #?????????????????????? | | ????????????????????#### #?????????????????????? | | ???????????????######T## #?????????????????????? | | ???????????????#!! + #?????????????????????? | | ???????????????# # #?????????????????????? | | ???????????????#!! # #?????????????????????? | | ???????????????######### #?????????????????????? | | ???????????????????????# #?????????????????????? | | ?????????????????###???#k #?????????????????????? | | ???????????####### ##### u #?????????????????????? | | ????????#### # #?????????????????????? | | ????????# "" # #?????????????????????? | | ????????#"G """ """ # #?????????????????????? | | ????????# "" """ """ + #?????????????????????? | | ????????#### """ """ #*=g#?????????????????????? | | ???????????# #ggg#?????????????????????? | | ???????????#! #= #?????????????????????? | | ???????????####" "###### !=#?????????????????????? | | ??????????????#"R"#????# @=#?????????????????????? | | ??????????????#"""#???# *%% #????????????????????? | | ??????????????#####???# ??????????????????? | | ??????????????????????+ T ???????????????? | | ??????????????????????# Y ?????????????? | | ??????????????????????# ####+####????????????? | | ??????????????????????#######???? ??????????????? | | ?????????????????????????????????? ????????????? | | ???????????????????????????????????? ????????????? | | ?????????????????????????????????????????????????? | | ?????????????????????????????????????????????????? | | ?????????????????????????????????????????????????? | | ?????????????????????????????????????????????????? | | ?????????????????????????????????????????????????? | | ?????????????????????????????????????????????????? | | ?????????????????????????????????????????????????? | | ?????????????????????????????????????????????????? | | ?????????????????????????????????????????????????? | | | | | | | | | | | | | | | +----------------------------------------------------+ Best States ------------- Heat Dissipation 28 Energy Generation 12 Energy Capacity 265 Matter Stores 300 Matter Capacity 300 Sight Range 16 Terrain Scan Range 16 Terrain Scan Density 10 Armor Coverage 225 Evasion (%) 50 Targeting Accuracy 5 Item Schematics ----------------- None Robot Schematics ------------------ None Fabricated ------------ Nothing Repaired ---------- Nothing Studied --------- None Alien Tech Used ----------------- None Achievements -------------- None Challenges ------------ None Game ------ Seed VisualPointStrikerail Manual? 0 Play Time 00:13:08 Cumulative 16.5 hours Start 2026.02.11 @ 00:40:26 End 2026.02.11 @ 00:50:57 Sessions 1 Manual Loads 0 Difficulty Rogue Special Mode None Game No. 38 Rogue 38 Adventurer 0 Explorer 0 Win Type - Total 0 Types 0/0/0/0/0/0/0/0/0/0 Lore% 15 Gallery% 21 Achievement% 17 Wizard Run 0 Options --------- Layout 1 ASCII 0 Keyboard 0 Movement Mouse Keybinds 0 Fullscreen 1 Font 24/Smallcaps Map View 50x35 Zoom Use 0% Tactical HUD 0 Map Filters NONE Filters NONE Steam 1 RUN: 5f2c4839-2dde-4405-a41b-de0dea76f906